 Dungeon Crawl Stone Soup version 0.26-a0-651-gb41185065b (webtiles) character file.

Game seed: 4658758676983837904

154 Flugslaktarn the Shield-Bearer (level 5, -4/50 HPs)
             Began as a Deep Dwarf Fighter on Oct 11, 2020.
             Slain by an ogre
             ... wielding a +0 giant spiked club
              (27 damage)
             ... on level 4 of the Dungeon.
             The game lasted 00:00:35 (447 turns).

Flugslaktarn the Shield-Bearer (Deep Dwarf Fighter)  Turns: 447, Time: 00:00:36

Health: -4/50      AC:  9    Str: 20    XL:     5   Next: 13%
Magic:  5/5        EV:  5    Int:  8    God:
Gold:   144        SH:  9    Dex: 13    Spells: 4/4 levels left

rFire    . . .     SeeInvis .   a - +0 war axe
rCold    . . .     Faith    .   c - +0 kite shield
rNeg     . . .     Spirit   .   f - +0 chain mail
rPois    .         Reflect  .   (no helmet)
rElec    .         Harm     .   (no cloak)
rCorr    .         Rampage  .   (no gloves)
MR       .....                  (no boots)
Stlth    ..........             (no amulet)
HPRegen  0.00/turn              (no ring)
MPRegen  0.09/turn              (no ring)

@: non-regenerating
A: damage resistance, heal wounds, sense surroundings 1, no regeneration
a: Heal Wounds


You were on level 4 of the Dungeon.
You visited 1 branch of the dungeon, and saw 4 of its levels.

You collected 144 gold pieces.

Inventory:

Hand Weapons
 a - a +0 war axe (weapon)
Armour
 b - a +0 scale mail
 c - a +0 kite shield (worn)
 f - a +0 chain mail (worn)
   (You found it on level 2 of the Dungeon)
Scrolls
 e - a scroll of magic mapping {unknown}
 h - a scroll of amnesia {unknown}
Potions
 d - a potion of might
 g - a potion of resistance {unknown}
 i - a potion of curing {unknown}
 j - a potion of degeneration {unknown}


   Skills:
 * Level 3.7 Fighting
 * Level 3.8 Axes
 + Level 3.9 Armour
 + Level 4.0 Shields


You had 4 spell levels left.
You didn't know any spells.
Your spell library was empty.

Dungeon Overview and Level Annotations

Branches:
Dungeon (4/15)
 Temple: D:4-7

Altars:

Shops:
D:4 ([


Innate Abilities, Weirdness & Mutations

You are resistant to damage.
You can heal yourself by infusing magical energy.
You passively map a small area around you.
You do not regenerate.


Message History

An ogre is nearby!
An ogre is nearby!
An ogre is nearby!
Found Udyguowag's Antique Armour Shoppe.
You feel much better.
The ogre hits you with a +0 giant spiked club!!
You hit the ogre.
The ogre is lightly wounded.
You block the ogre's attack.
You closely miss the ogre.
The ogre is lightly wounded.
The ogre hits you with a +0 giant spiked club!
You slash the ogre!
The ogre is heavily wounded.
You block the ogre's attack.
You hit the ogre.
The ogre is heavily wounded.
The ogre hits you with a +0 giant spiked club!!
Ouch! That really hurt!
You die...

#...<##..#
_##..####.... ....
#.## ....# .#.# ,
##.## ....# *...# *
#...# *...# ##.∩.####
+...# ...# #........
* ###.####, #..#.....
#....# ###........
#....#####..@O......
#....##....#........
##...#..############*
#.....## #...###
#...# #.[.# #...#
#####


You could see an ogre.

Vanquished Creatures
  2 orc priests (D:3)
  2 adders (D:3)
  A shadow imp (D:3)
  An ooze (D:1)
  2 worms
  A dart slug (D:1)
  A leopard gecko (D:3)
  12 orcs (D:3)
  A bat (D:3)
  4 goblins
  4 hobgoblins
  5 jackals
  A quokka (D:2)
  3 kobolds
  5 rats
45 creatures vanquished.

Notes
Turn   | Place    | Note
-------+----------+-------------------------------------------
     0 | D:1      | Flugslaktarn the Deep Dwarf Fighter began the quest for the
                  | Orb.
     0 | D:1      | Reached XP level 1. HP: 20/20 MP: 1/1
    36 | D:1      | Reached XP level 2. HP: 22/27 MP: 2/2
   192 | D:2      | Reached XP level 3. HP: 23/34 MP: 3/3
   287 | D:3      | Reached XP level 4. HP: 23/42 MP: 4/4
   304 | D:3      | Reached skill level 4 in Shields
   304 | D:3      | Reached XP level 5. HP: 30/50 MP: 5/5
   397 | D:4      | Found Ineuwk's Weapon Shoppe.
   438 | D:4      | Noticed an ogre
   439 | D:4      | Found Udyguowag's Antique Armour Shoppe.
   447 | D:4      | Slain by an ogre

Illustrated notes

Levels and vault maps discovered:
D:1:      lemuel_arrival_rhombus, layout_basic, chequers_serial_rivers_large_a
D:2:      layout_basic, corexii_item_surrounded_by_moat, uniq_crazy_yiuf_cottage
D:3:      layout_rooms, serial_corexii_hall, chequers_hall_statues_wall_a,
          corexii_hall_statues_x, corexii_hall_statues_l,
          chequers_hall_statues_wall_a
D:4:      layout_rooms, regret_index_temple_of_mockery, gammafunk_ghost_grave,
          serial_shops, nicolae_shop_trees, shop_coins, nicolae_shop_stone,
          shop, kennysheep_mini_moat, guppyfry_shop_venom

Skill      XL: |  1  2  3  4 |
---------------+-------------+-----
Fighting       | 3 |  3.7
Axes           | 3 |  3.8
Shields        | 4 |  4.0
Armour         | |  3.9

Action                   |  1- 3 |  4- 6 || total
-------------------------+-------+-------++-------
Melee: War axe           |    75 |    32 ||   107
 Abil: Heal Wounds       |       |     5 ||     5
Armor: Scale mail        |    11 |       ||    11
       Chain mail        |    29 |    30 ||    59
Dodge: Dodged            |    24 |     5 ||    29
Block: Kite shield       |    53 |    26 ||    79

Table legend: (Time is in decaauts)
 A = Elapsed time spent in this place.
 B = Non-inter-level travel time spent in this place.
 C = Inter-level travel time spent in this place.
 D = Time resting spent in this place.
 E = Time spent auto-exploring this place.
 F = Levels seen in this place.
 G = Mean time per level.
                   A        B        C        D        E       F      G
               +--------+--------+--------+--------+--------+-----+--------+
         Total |    491 |    445 |     46 |      0 |    186 |   4 |  122.8 |
       Dungeon |    491 |    445 |     46 |      0 |    186 |   4 |  122.8 |
               +--------+--------+--------+--------+--------+-----+--------+

Top non-repeatable levels by time:
     D:3: 223 daAuts
     D:2: 113 daAuts
     D:1: 104 daAuts
     D:4: 50 daAuts
